 Dungeon Crawl Stone Soup version 0.26-a0-651-gb41185065b (webtiles) character file.

Game seed: 16463478425775460265

(classic levelgen) 805 EnegeticOcto the Cleaver (level 7, -1/62 HPs)
             Began as a Deep Dwarf Delver on Oct 23, 2020.
             Was an Initiate of Ru.
             Slain by a troll (13 damage)
             ... on level 9 of the Dungeon.
             The game lasted 00:05:57 (811 turns).

EnegeticOcto the Cleaver (Deep Dwarf Delver)         Turns: 811, Time: 00:05:58

Health: -1/62      AC:  6    Str: 16    XL:     7   Next: 60%
Magic:  7/7        EV:  9    Int: 12    God:    Ru [......]
Gold:   96         SH:  0    Dex: 14    Spells: 8/8 levels left

rFire    . . .     SeeInvis .   m - +2 war axe
rCold    . . .     Faith    .   (no shield)
rNeg     . . .     Spirit   .   q - +0 scale mail
rPois    .         Reflect  .   (no helmet)
rElec    .         Harm     .   (no cloak)
rCorr    .         Rampage  .   (no gloves)
MR       +....                  (no boots)
Stlth    +.........             (no amulet)
HPRegen  0.00/turn              (no ring)
MPRegen  0.10/turn              (no ring)

@: non-regenerating, very heavily drained
A: damage resistance, heal wounds, sense surroundings 1, no regeneration
a: Heal Wounds, Renounce Religion


You were on level 9 of the Dungeon.
You worshipped Ru.
Ru was noncommittal.
You visited 1 branch of the dungeon, and saw 7 of its levels.

You collected 96 gold pieces.

Inventory:

Hand Weapons
 a - a +0 hand axe
 m - a +2 war axe (weapon)
Armour
 b - a +0 leather armour
 q - a +0 scale mail (worn)
Wands
 d - a wand of flame (7)
 g - a wand of digging (9) {@v3}
Scrolls
 c - a scroll of fog
 e - 2 scrolls of fear
 h - a scroll of teleportation {unknown}
 k - 5 scrolls of identify {unknown}
 r - a scroll of magic mapping {@r5}
Potions
 f - a potion of haste {@q4}
 i - a potion of stabbing {unknown}
 j - a potion of lignification {unknown}
 l - a potion of brilliance {unknown}
 o - a potion of curing {unknown}
 p - a potion of berserk rage {unknown}


   Skills:
 + Level 3.3(0.2) Fighting
 * Level 9.0(5.4) Axes
 - Level 2.1(0.0) Dodging
 - Level 6.0(2.7) Stealth
 + Level 1.4(0.0) Spellcasting


You had 8 spell levels left.
You didn't know any spells.
Your spell library was empty.

Dungeon Overview and Level Annotations

Branches:
Dungeon (10/15)              Lair (0/6) D:10
 Temple: D:4-7          Orc: D:9-12

Altars:
Ashenzari
Dithmenos
Qazlal
Ru
Vehumet
Wu Jian
Yredelemnul
Zin

Shops:
D:6 (


Innate Abilities, Weirdness & Mutations

You are resistant to damage.
You can heal yourself by infusing magical energy.
You passively map a small area around you.
You do not regenerate.


Message History

The wight is almost destroyed.
The wight hits you with a cursed +0 falchion.
You feel drained.
You barely miss the wight.
The wight is almost destroyed.
The wight hits you with a cursed +0 falchion.
You hit the wight but do no damage.
The wight is almost destroyed.
The wight hits you with a cursed +0 falchion.
You feel drained.
You slash the wight!
You destroy the wight!
Your base Axes skill increases to level 9!
No target in view!
No target in view!
No target in view!
No target in view!
No target in view!
No target in view!
No target in view!
No target in view!
No target in view!
No target in view!
No target in view!
No target in view!
No target in view!
No target in view!
No target in view!
There is an escape hatch in the floor here.
Items here: )))) [[[[.
m - a +2 war axe (weapon)
You slide downwards.
The hatch slams shut behind you.
An adder and 2 jackals come into view.
The jackal barks! x2; The adder hisses angrily.
The adder bites you but does no damage.
Your magical essence is drained by the effort!
You feel much better. The adder bites you but does no damage.
You hit the adder.
The adder is lightly wounded.
The adder barely misses you. The adder bites you.
You are poisoned.
The adder poisons you!
You completely miss the adder.
The adder is lightly wounded.
You hit the jackal.
You kill the jackal!
The adder barely misses you. The adder bites you but does no damage.
The jackal bites you.
You miss the adder.
The adder is lightly wounded.
You hit the jackal.
You kill the jackal!
The adder bites you.
You miss the adder.
The adder is lightly wounded.
The adder misses you. The adder bites you.
You closely miss the adder.
The adder is lightly wounded.
The adder closely misses you.
You closely miss the adder.
The adder is lightly wounded.
The adder bites you but does no damage. The adder bites you.
You are more poisoned.
The adder poisons you!
You barely miss the adder.
The adder is lightly wounded.
The adder bites you but does no damage.
You barely miss the adder.
The adder is lightly wounded.
The adder bites you. The adder closely misses you.
You slash the adder!
You kill the adder!
You open the door.
There is an open door here.
You open the door.
There is an open door here.
Unknown command.
Unknown command.
You open the door.
A troll comes into view.
The troll shouts!
There is an open door here.
You hit the troll but do no damage. The troll bites you!
The troll claws you but does no damage. The troll claws you!
You slash the troll!
The troll is moderately wounded.
The troll barely misses you. The troll claws you but does no damage.
The troll claws you!
You are too injured to fight recklessly!
You feel much better. The troll bites you! The troll claws you.
The troll completely misses you.
You barely miss the troll.
The troll is moderately wounded.
You are no longer poisoned.
The troll bites you!
* * * LOW HITPOINT WARNING * * *
The troll claws you.
* * * LOW HITPOINT WARNING * * *
The troll barely misses you. The troll bites you!
You die...

#........#
#######'## *
#.......#
##'####### ##
#........# .. ,
#........# *
#........#
#..#######........#
#....T@.'........#
#.#######........#
##+####### ** * ###
* *, * * ..# * ** ,
, ..# , , , , ..##
, ,


You could see a troll.

Vanquished Creatures
  An eye of draining (D:9)
  A bullfrog (D:6)
  2 scorpions
  5 wights (D:8)
  A bullfrog zombie (D:6)
  An orc priest (D:7)
  6 orc wizards
  3 worker ants
  2 adders
  A white imp (D:5)
  12 orcs
  A hobgoblin (D:5)
  6 jackals
  2 quokkas
  A quokka skeleton (D:7)
45 creatures vanquished.

Notes
Turn   | Place    | Note
-------+----------+-------------------------------------------
     0 | D:5      | EnegeticOcto the Deep Dwarf Delver began the quest for the
                  | Orb.
     0 | D:5      | Reached XP level 1. HP: 20/20 MP: 1/1
    17 | D:5      | Noticed a phantom
    29 | D:6      | Noticed a bullfrog
    30 | D:6      | Noticed a worker ant
    33 | D:6      | Found Hotrer's Weapon Shop.
    49 | D:6      | Killed a worker ant
    49 | D:6      | Reached skill level 3 in Axes
    49 | D:6      | Reached XP level 2. HP: 13/27 MP: 2/2
    59 | D:6      | Killed a bullfrog
    59 | D:6      | Reached skill level 5 in Axes
    59 | D:6      | Reached XP level 3. HP: 20/33 MP: 3/3
    59 | D:6      | Reached XP level 4. HP: 24/40 MP: 4/4
    81 | D:5      | Found a radiant altar of Vehumet.
   111 | D:4      | Found a stormy altar of Qazlal.
   112 | D:4      | Found a sacrificial altar of Ru.
   116 | D:4      | Became a worshipper of Ru the Awakened
   164 | D:4      | Reached XP level 5. HP: 20/46 MP: 5/5
   197 | D:5      | Found a shadowy altar of Dithmenos.
   214 | D:5      | Reached skill level 6 in Axes
   344 | D:7      | Reached skill level 7 in Axes
   344 | D:7      | Reached XP level 6. HP: 27/55 MP: 5/5
   445 | D:9      | Reached skill level 8 in Axes
   486 | D:10     | Entered Level 10 of the Dungeon
   486 | D:10     | Noticed a troll
   537 | D:7      | Found an ornate altar of the Wu Jian Council.
   538 | D:7      | Found a glowing silver altar of Zin.
   541 | D:7      | Found a broken altar of Ashenzari.
   567 | D:7      | Reached XP level 7. HP: 43/61 MP: 6/6
   577 | D:7      | Found a basalt altar of Yredelemnul.
   743 | D:8      | Reached skill level 1 in Spellcasting
   773 | D:8      | Reached skill level 9 in Axes
   804 | D:9      | Noticed a troll
   811 | D:9      | Slain by a troll

Illustrated notes

Levels and vault maps discovered:
D:4:      layout_cave_pools, lemuel_doored_altar,
          gammafunk_temple_overflow_statue, minmay_temple_entry_mist,
          uniq_blork_the_orc
D:5:      layout_basic, vehumet_altar_wand_db, chequers_serial_rivers_small_a,
          nicolae_dithmenos_through_a_glass_darkly
D:6:      layout_gridville, grunt_gozag_statues, lemuel_crystal_altar,
          serial_shops, nicolae_shop_statue_plus
D:7:      layout_basic, overflow_temple_1_default,
          chequers_temple_overflow_statue_of_worship, basic_altar,
          nicolae_water_bricks, nicolae_ru_great_annihilating_truth
D:8:      kennysheep_steamy, layout_loops_cross, tso_altar,
          makhleb_blood_cavern_becter
D:9:      layout_roguey, fedhas_altar_3, lemuel_zombie_altar_kikubaaqudgha,
          special_room [special_room_orc], uniq_erolcha
D:10:     layout_cave_pools, lair_entry_dummy, zombieorc2_lemuel

Skill      XL: |  1  2  3  4  5  6  7 |
---------------+----------------------+-----
Axes           | 3 5 7 8 9 |  9.0
Fighting       | 3 |  3.3
Spellcasting   | 1 |  1.4
Dodging        | |  2.1
Stealth        | |  6.0

Action                   |  1- 3 |  4- 6 |  7- 9 || total
-------------------------+-------+-------+-------++-------
Melee: Hand axe          |    20 |   140 |    97 ||   257
       War axe           |       |       |    12 ||    12
 Abil: Heal Wounds       |     3 |     8 |     7 ||    18
Evoke: Wand              |       |     2 |     3 ||     5
  Use: Scroll            |       |     1 |     3 ||     4
 Stab: Sleeping          |       |     2 |       ||     2
Armor: Leather armour    |     4 |    34 |     8 ||    46
       Scale mail        |       |       |    15 ||    15
Dodge: Dodged            |    34 |   118 |    48 ||   200

Table legend: (Time is in decaauts)
 A = Elapsed time spent in this place.
 B = Non-inter-level travel time spent in this place.
 C = Inter-level travel time spent in this place.
 D = Time resting spent in this place.
 E = Time spent auto-exploring this place.
 F = Levels seen in this place.
 G = Mean time per level.
                   A        B        C        D        E       F      G
               +--------+--------+--------+--------+--------+-----+--------+
         Total |    808 |    799 |      9 |      0 |      0 |   7 |  115.4 |
       Dungeon |    808 |    799 |      9 |      0 |      0 |   7 |  115.4 |
               +--------+--------+--------+--------+--------+-----+--------+

Top non-repeatable levels by time:
     D:8: 193 daAuts
     D:7: 179 daAuts
     D:9: 127 daAuts
     D:6: 115 daAuts
     D:5: 113 daAuts
     D:4: 76 daAuts
    D:10: 1 daAuts
